 Dungeon Crawl Stone Soup version 0.23.2-33-g5129a83184 (webtiles) character file.

Game seed: 11636421542044673319

543 dvd the Chopper (level 7, 0/60 HPs)
             Began as a Minotaur Fighter on June 28, 2019.
             Killed from afar by Dowan (11 damage)
             ... with a stone arrow
             ... on level 4 of the Dungeon.
             The game lasted 00:05:32 (2652 turns).

dvd the Chopper (Minotaur Fighter)                  Turns: 2652, Time: 00:05:32

Health: 0/60       AC:  0    Str: 27    XL:     7   Next: 6%
Magic:  6/6        EV: 13    Int:  5    God:
Gold:   170        SH:  0    Dex: 10    Spells: 6/6 levels left

rFire    . . .     SeeInvis .   (weapon currently unavailable)
rCold    . . .     Gourm    .   (shield currently unavailable)
rNeg     . . .     Faith    .   (armour currently unavailable)
rPois    .         Spirit   .   (helmet currently unavailable)
rElec    .         Reflect  .   (cloak currently unavailable)
rCorr    .         Harm     .   (gloves currently unavailable)
MR       .....                  (boots currently unavailable)
Stlth    +.........             m - amulet of regeneration
HPRegen  0.60/turn              (ring currently unavailable)
MPRegen  0.10/turn              (ring currently unavailable)

@: mighty, pig-form (expiring), very slightly contaminated, glowing, invisible
(but backlit and visible), very quick
A: small, (retaliatory headbutt)
a: no special abilities


You were on level 4 of the Dungeon.
You were not hungry.
You were a filthy swine.
You visited 1 branch of the dungeon, and saw 4 of its levels.

You collected 170 gold pieces.

Inventory:

Hand Weapons
 a - a +0 war axe (melded)
 o - a +3 short sword of electrocution
Missiles
 u - 4 tomahawks (quivered)
Armour
 b - a +0 scale mail (melded)
 c - a +0 shield (melded)
Jewellery
 m - an amulet of regeneration (around neck)
Scrolls
 e - 4 scrolls of identify {unknown}
 i - 4 scrolls of remove curse {unknown}
 j - a scroll of noise {unknown}
 n - 2 scrolls of enchant armour {unknown}
 p - 2 scrolls of blinking {unknown}
 q - a scroll of teleportation {unknown}
 r - a scroll of amnesia {unknown}
 t - a scroll of enchant weapon {unknown}
Potions
 d - a potion of might
 g - a potion of invisibility
 h - a potion of berserk rage {unknown}
 k - a potion of heal wounds {unknown}
 l - a potion of magic {unknown}
 s - 2 potions of haste {unknown}
Comestibles
 f - 6 rations
 v - 5 chunks of flesh


   Skills:
 + Level 4.9 Fighting
 + Level 1.2 Short Blades
 + Level 5.8 Axes
 + Level 0.6 Throwing
 + Level 5.5 Armour
 + Level 1.0 Dodging
 + Level 0.2 Stealth
 + Level 5.3 Shields
 + Level 0.1 Unarmed Combat


You had 6 spell levels left.
You didn't know any spells.
Your spell library was empty.

Dungeon Overview and Level Annotations

Branches:
Dungeon (4/15)
 Temple: D:4-7

Altars:
Gozag
Makhleb
Qazlal
The Shining One

Annotations:
D:4 Dowan


Innate Abilities, Weirdness & Mutations

((You reflexively headbutt those who attack you in melee.))
((You have a pair of horns on your head.))


Message History

Dowan closely misses you.
You closely miss Dowan.
Dowan is heavily wounded.
Dowan hits you with a +0 dagger. x2
* * * LOW HITPOINT WARNING * * *
Dowan casts a spell at you. The stone arrow hits you!
* * * LOW HITPOINT WARNING * * *
Things that are here:
a +0 rapier; a +0 leather armour; a wand of polymorph (10) It was a potion of invisibility.
You become transparent, but the glow from your corona prevents you from becoming completely invisible.
Your transformation is almost over.
You are very lightly contaminated with residual magic.
Dowan gestures wildly while chanting.
Dowan blinks!
You see here a hound corpse.
Dowan points at you and mumbles some strange words.
The stone arrow hits you!
You die...

############ ###
#<.......... ..#
####......# #.#
#.####.# #.# #.#
#.# #.#
####.####.# #.#
#......##.# #.#
#....#.##.# #h#
######.##.######.#
..........#......#
...(##.#..#.#....#
..........e.##e#.#
###.#..#....##.#.#
# #.....§)†....#
#....#.###...#
#......[.#...#


You could see Dowan.

Vanquished Creatures
  Grinder (D:3)
  Duvessa (D:4)
  A hound (D:4)
  An orc priest (D:3)
  10 adders
  An ooze (D:2)
  A worm (D:2)
  3 dart slugs
  2 leopard geckos (D:2)
  8 orcs (D:3)
  3 ball pythons
  7 giant cockroaches
  4 goblins
  9 hobgoblins
  8 bats
  2 frilled lizards
  3 kobolds
  16 rats
81 creatures vanquished.

Notes
Turn   | Place    | Note
-------+----------+-------------------------------------------
     0 | D:1      | dvd the Minotaur Fighter began the quest for the Orb.
     0 | D:1      | Reached XP level 1. HP: 19/19 MP: 0/0
   286 | D:1      | Reached XP level 2. HP: 27/27 MP: 1/1
  1016 | D:2      | Reached XP level 3. HP: 33/33 MP: 2/2
  1353 | D:2      | Reached XP level 4. HP: 35/40 MP: 3/3
  1625 | D:2      | Found an opulent altar of Gozag.
  1932 | D:3      | Reached XP level 5. HP: 29/47 MP: 4/4
  2108 | D:3      | Found a stormy altar of Qazlal.
  2156 | D:3      | Noticed Grinder
  2156 | D:3      | Paralysed by Grinder for 5 turns
  2178 | D:3      | Paralysed by Grinder for 6 turns
  2259 | D:3      | Killed Grinder
  2259 | D:3      | Reached skill level 5 in Axes
  2259 | D:3      | Reached skill level 5 in Armour
  2259 | D:3      | Reached skill level 5 in Shields
  2259 | D:3      | Reached XP level 6. HP: 49/53 MP: 5/5
  2263 | D:3      | Found a glowing golden altar of the Shining One.
  2618 | D:4      | Noticed Dowan
  2618 | D:4      | Noticed Duvessa
  2625 | D:4      | Reached skill level 1 in Short Blades
  2634 | D:4      | Killed Duvessa
  2634 | D:4      | Reached skill level 1 in Dodging
  2634 | D:4      | Reached XP level 7. HP: 51/60 MP: 6/6
  2637 | D:4      | Found a burning altar of Makhleb.
  2652 | D:4      | Killed from afar by Dowan

Skill      XL: |  1  2  3  4  5  6 |
---------------+-------------------+-----
Armour         | 4 5 |  5.5
Fighting       | 4 |  4.9
Shields        | 4 5 |  5.3
Axes           | 3 4 5 |  5.8
Short Blades   | 1 |  1.2
Dodging        | 1 |  1.0
Throwing       | |  0.6
Stealth        | |  0.2
Unarmed Combat | |  0.1

Action                   |  1- 3 |  4- 6 |  7- 9 || total
-------------------------+-------+-------+-------++-------
Melee: War axe           |    73 |   126 |       ||   199
       Headbutt          |     7 |    17 |       ||    24
       Short sword       |       |    13 |       ||    13
       Unarmed           |       |     2 |     5 ||     7
Throw: Tomahawk          |       |     4 |       ||     4
  Use: Potion            |       |     1 |     1 ||     2
  Eat: Chunk             |     1 |     5 |       ||     6
Armor: Scale mail        |    39 |    56 |       ||    95
Dodge: Dodged            |    20 |    44 |     2 ||    66
Block: Shield            |    44 |    71 |       ||   115
